 Dungeon Crawl Stone Soup version 0.29-a0-553-g81b289dbe5 (webtiles) character file.

Game seed: 14392747875999898907

8054 LabCoat the Severer (level 11, -8/138 HPs)
             Began as a Hill Orc Fighter on June 7, 2022.
             Was a Believer of Trog.
             Mangled by Snorg (14 damage)
             ... on level 11 of the Dungeon.
             The game lasted 00:32:52 (11795 turns).

LabCoat the Severer (Hill Orc Fighter)             Turns: 11795, Time: 00:32:54

Health: -8/138     AC: 24    Str: 24    XL:     11   Next: 24%
Magic:  11/11      EV:  5    Int:  8    God:    Trog [**....]
Gold:   384        SH:  9    Dex: 10    Spells: 10/10 levels left

rFire   + + .      SeeInvis .   a - +1 war axe
rCold   x . .      Faith    .   M - +0 kite shield
rNeg    + . .      Spirit   .   l - +0 plate armour
rPois   .          Reflect  .   j - +4 helmet "Veidais" {Harm rF+}
rElec   .          Harm     +   B - +2 cloak
rCorr   .          Rampage  .   r - +0 pair of gloves
Will    .....                   n - +0 pair of boots
Stlth   ..........              T - amulet of regeneration
HPRegen 1.13/turn               g - ring of positive energy
MPRegen 0.12/turn               o - ring of fire

@: berserking, studying Translocations, very quick
A: no striking features
a: Renounce Religion, Berserk, Trog's Hand


You were on level 11 of the Dungeon.
You worshipped Trog.
Trog was pleased with you.
You visited 2 branches of the dungeon, and saw 12 of its levels.

You collected 594 gold pieces.
You spent 210 gold pieces at shops.

Inventory:

Hand Weapons
 a - a +1 war axe (weapon)
 d - a +6 hunting sling of flaming
 i - a +0 morningstar
 v - a +0 flail of draining
 I - a +2 flail of holy wrath
Missiles
 b - 11 poisoned darts
 k - 6 throwing nets
 p - 5 boomerangs (quivered)
 R - 3 javelins
Armour
 j - the +4 helmet "Veidais" (worn) {Harm rF+}
   (You took it off Robin on level 2 of the Dungeon)

   rF:        It protects you from fire.
   Harm:      It increases damage dealt and taken.
 l - a +0 plate armour (worn)
 n - a +0 pair of boots (worn)
 r - a +0 pair of gloves (worn)
 B - a +2 cloak (worn)
 D - a scarf of repulsion
 M - a +0 kite shield (worn)
 N - +0 steam dragon scales
Jewellery
 g - a ring of positive energy (left hand)
 o - a ring of fire (right hand)
 y - a ring of positive energy
 G - an amulet of magic regeneration
 O - a ring of fire
 Q - a +6 ring of strength
 T - an amulet of regeneration (around neck)
Wands
 z - a wand of digging (16)
 E - a wand of acid (4)
 H - a wand of polymorph (14)
 L - a wand of flame (12)
 S - a wand of iceblast (3)
 U - a wand of paralysis (3)
 X - a wand of mindburst (2)
Scrolls
 c - 2 scrolls of blinking {unknown}
 t - 3 scrolls of enchant weapon
 w - 3 scrolls of summoning
 x - 2 scrolls of immolation
 A - a scroll of amnesia
 C - 5 scrolls of teleportation
 K - a scroll of magic mapping {unknown}
 P - a scroll of torment {unknown}
Potions
 e - 5 potions of flight
 f - 3 potions of ambrosia
 h - 3 potions of lignification
 m - 4 potions of heal wounds
 q - 2 potions of degeneration {unknown}
 s - 2 potions of cancellation {unknown}
 u - 6 potions of curing
 F - a potion of brilliance {unknown}
 J - a potion of invisibility
 W - a potion of experience {unknown}
Miscellaneous
 V - a condenser vane


   Skills:
 + Level 7.3 Fighting
 * Level 16.4 Axes
 + Level 4.8 Throwing
 + Level 7.9 Armour
 + Level 0.3 Dodging
 + Level 6.6 Shields
 + Level 0.6 Evocations


You had 10 spell levels left.
You didn't know any spells.
Your spell library contained the following spells:

 Spells                   Type           Power      Damage    Failure   Level
 Apportation              Tloc           0%         N/A       100%        1
 Freeze                   Ice            0%         1d3       100%        1
 Necrotize                Necr           0%         1d4       100%        1
 Sting                    Tmut/Pois      0%         1d3       100%        1
 Summon Small Mammal      Summ           0%         N/A       100%        1
 Poisonous Vapours        Pois/Air       0%         N/A       100%        2
 Call Canine Familiar     Summ           0%         N/A       100%        3
 Frozen Ramparts          Ice            0%         1d2       100%        3
 Portal Projectile        Hex/Tloc       0%         N/A       100%        3
 Cause Fear               Hex            0%         N/A       100%        4
 Hailstorm                Conj/Ice       0%         3d3       100%        4
 Leda's Liquefaction      Hex/Erth       0%         N/A       100%        4
 Olgreb's Toxic Radiance  Pois           0%         N/A       100%        4
 Dragon Form              Tmut           0%         N/A       100%        7
 Dragon's Call            Summ           0%         N/A       100%        9


Dungeon Overview and Level Annotations

Branches:
Dungeon (11/15)            Temple (1/1) D:7
   Lair: D:8-11         Orc: D:9-12

Altars:
Ashenzari
Cheibriados
Dithmenos
Elyvilon
Fedhas
Gozag
Hepliaklqana
Kikubaaqudgha
Makhleb
Nemelex Xobeh
Okawaru
Qazlal
Ru
Sif Muna
Trog
Uskayaw
Vehumet
Wu Jian
Xom
Yredelemnul
Zin
The Shining One

Shops:
D:7 *

Annotations:
D:6 3 runed translucent doors, Heedrag's ghost, novice DESu
D:8 1 runed translucent door, flestrin's ghost, novice DsTm
D:11 Snorg


Message History

You completely miss Snorg.
Snorg is lightly wounded.
Snorg barely misses you. You block Snorg's attack. Snorg claws you!
You closely miss Snorg.
Snorg is lightly wounded.
Snorg bites you!! Snorg claws you but does no damage. Snorg barely misses you.
You hear an angry buzzing noise.
A red film seems to cover your vision as you go berserk!
You feel yourself moving faster!
You feel mighty! Snorg barely misses you. Snorg claws you but does no damage.
You block Snorg's attack. Snorg barely misses you.
Snorg claws you but does no damage. Snorg claws you!
A vampire mosquito comes into view.
You feel a strong urge to attack something.
You block Snorg's attack. Snorg claws you but does no damage. x2
You slash Snorg!
Snorg is lightly wounded.
You slash the vampire mosquito!
The vampire mosquito bites you but does no damage.
Snorg bites you! You block Snorg's attack. Snorg claws you but does no damage.
You completely miss Snorg.
Snorg is lightly wounded.
You slash the vampire mosquito! The vampire mosquito barely misses you.
You closely miss Snorg.
Snorg is lightly wounded.
You slice the vampire mosquito!!
You destroy the vampire mosquito!
Trog accepts your kill. Snorg bites you!
* * * LOW HITPOINT WARNING * * *
Snorg claws you!
* * * LOW HITPOINT WARNING * * *
You block Snorg's attack.
You slice Snorg!!
Snorg is heavily wounded.
Snorg bites you!
* * * LOW HITPOINT WARNING * * *
Snorg claws you.
* * * LOW HITPOINT WARNING * * *
Snorg claws you!
You die...

#......# #......#
##+##......#
#...#......#... .
#...#......#... #
#...#.....##...####
#...#.....#........
#...#.....+........
#.@.#.....#........
#†T.......#......##
#..###.....#......##
....#
##....#........
...## ##...#........
.... ##.......###.
... ##.....#.### ..
######### #


You could see Snorg (berserk).

Vanquished Creatures
  2 two-headed ogres
  Joseph (D:7)
  Maggie (D:7)
  A troll (D:10)
  Prince Ribbit (D:5)
  A hornet (D:9)
  Sigmund (D:2)
  7 yaks
  A vampire mosquito (D:11)
  A water moccasin (D:7)
  2 orc warriors
  2 sky beasts (D:6)
  Pargi (D:4)
  A black bear (D:6)
  6 centaurs
  A phantom (D:5)
  3 bullfrogs
  A gnoll sergeant (D:7)
  2 necrophages
  4 scorpions
  9 wights
  9 killer bees (D:8)
  2 howler monkeys
  9 hounds
  9 orc priests
  5 gnoll shamans
  2 jellies
  Crazy Yiuf (D:4)
  Natasha (D:2)
  4 iguanas
  8 orc wizards
  Robin (D:2)
  28 gnolls
  3 adders
  2 shadow imps (D:6)
  2 white imps
  An ufetubus (D:6)
  2 worms
  3 dart slugs
  46 orcs
  6 endoplasms
  A giant cockroach (D:1)
  13 hobgoblins
  12 jackals
  8 kobolds
  2 quokkas
  10 ball pythons
  3 bats
  2 frilled lizards (D:2)
  11 goblins
  4 rats
259 creatures vanquished.

Vanquished Creatures (others)
  An orc wizard (D:9)
1 creature vanquished.

Grand Total: 260 creatures vanquished

Notes
Turn   | Place    | Note
-------+----------+-------------------------------------------
     0 | D:1      | LabCoat the Hill Orc Fighter began the quest for the Orb.
     0 | D:1      | Reached XP level 1. HP: 19/19 MP: 1/1
   251 | D:1      | Reached skill level 3 in Axes
   251 | D:1      | Reached XP level 2. HP: 26/27 MP: 2/2
   527 | D:1      | Reached XP level 3. HP: 33/33 MP: 3/3
   807 | D:1      | Found a faded altar of an unknown god.
  1237 | D:2      | Identified the +4 helmet "Veidais" {Harm rF+}
  1237 | D:2      | Noticed Robin
  1250 | D:3      | Reached skill level 4 in Axes
  1609 | D:2      | Killed Robin
  1610 | D:2      | Reached XP level 4. HP: 39/40 MP: 4/4
  1866 | D:2      | Noticed Natasha
  1883 | D:2      | Killed Natasha
  2173 | D:2      | Noticed Sigmund
  2188 | D:2      | Killed Sigmund
  2189 | D:2      | Reached skill level 6 in Axes
  2189 | D:2      | Reached XP level 5. HP: 39/47 MP: 5/5
  2189 | D:2      | Reached XP level 6. HP: 44/53 MP: 6/6
  3151 | D:4      | Reached skill level 7 in Axes
  3516 | D:4      | Reached XP level 7. HP: 43/60 MP: 7/7
  3523 | D:4      | Reached skill level 5 in Fighting
  4148 | D:4      | Reached skill level 8 in Axes
  4188 | D:4      | Found a white marble altar of Elyvilon.
  4274 | D:4      | Noticed Pargi
  4280 | D:4      | Killed Pargi
  4309 | D:4      | Found a runed translucent door.
  4310 | D:4      | Noticed Crazy Yiuf
  4315 | D:4      | Killed Crazy Yiuf
  4388 | D:5      | Entered Level 5 of the Dungeon
  4410 | D:5      | Reached skill level 1 in Throwing
  4410 | D:5      | Reached skill level 5 in Armour
  4561 | D:5      | Reached skill level 9 in Axes
  4698 | D:5      | Reached XP level 8. HP: 68/68 MP: 8/8
  4762 | D:5      | Noticed Prince Ribbit
  5085 | D:5      | Killed Prince Ribbit
  5086 | D:5      | Reached skill level 10 in Axes
  5502 | D:6      | Reached skill level 11 in Axes
  5830 | D:6      | Reached XP level 9. HP: 75/75 MP: 9/9
  5938 | D:6      | Found a runed translucent gate.
  5938 | D:6      | Found a runed translucent gate.
  5940 | D:6      | Noticed Heedrag's ghost (novice DESu)
  5942 | D:6      | Found a runed translucent gate.
  6096 | D:6      | Reached skill level 12 in Axes
  6897 | D:7      | Noticed Joseph
  6993 | D:7      | Killed Joseph
  6994 | D:7      | Reached skill level 13 in Axes
  7245 | D:7      | Found a staircase to the Ecumenical Temple.
  7254 | Temple   | Entered the Ecumenical Temple
  7384 | Temple   | Became a worshipper of Trog the Wrathful
  7869 | D:7      | Found Ter Equz's Assorted Antiques.
  7885 | D:7      | Reached skill level 14 in Axes
  7937 | D:7      | Bought a wand of flame (13) for 30 gold pieces
  7937 | D:7      | Bought 3 scrolls of identify for 180 gold pieces
  8150 | D:7      | Noticed Maggie
  8160 | D:7      | Reached skill level 5 in Shields
  8162 | D:7      | Reached XP level 10. HP: 82/84 MP: 10/10
  8170 | D:7      | Killed Maggie
  8198 | D:7      | Reached * piety under Trog
  8657 | D:8      | Reached skill level 15 in Axes
  8983 | D:8      | Found a runed translucent door.
  8984 | D:8      | Noticed flestrin's ghost (novice DsTm)
  8984 | D:8      | Noticed a four-headed hydra
  9683 | D:9      | Found a shadowy altar of Dithmenos.
  9692 | D:9      | Noticed a two-headed ogre
  9701 | D:9      | Killed a two-headed ogre
  9969 | D:9      | Reached ** piety under Trog
 10543 | D:10     | Entered Level 10 of the Dungeon
 11033 | D:10     | Reached XP level 11. HP: 69/92 MP: 11/11
 11042 | D:10     | Reached skill level 16 in Axes
 11425 | D:10     | Noticed a two-headed ogre
 11439 | D:10     | Killed a two-headed ogre
 11781 | D:11     | Noticed Snorg
 11795 | D:11     | HP: 6/138 [Snorg (6)]
 11795 | D:11     | Mangled by Snorg

Illustrated notes

Levels and vault maps discovered:
D:1:      tarquinn_simple_flora_water_d, layout_rooms,
          hellmonk_ecumenical_altar_dog_temple, interstate_on_off
D:2:      layout_basic, minmay_cupped, uniq_natasha, uniq_robin, uniq_sigmund
D:3:      layout_loops_corners, chequers_jeans
D:4:      layout_loops_ring, kennysheep_mini_moat, kennysheep_generic_room_6,
          uniq_crazy_yiuf_cottage, uniq_pargi
D:5:      layout_basic, uniq_prince_ribbit1
D:6:      layout_layer_cave, gammafunk_ghost_nasty_kobolds
D:7:      layout_cave_pools, minmay_temple_entry_antechambers,
          serial_gnoll_camp, gnoll_camp_mini_loothouse, gnoll_camp_mini_house,
          gnoll_camp_medium_01, gnoll_camp_mini_shop, grunt_decor_clamped,
          minmay_manual_mares, uniq_joseph, uniq_maggie
D:8:      layout_basic, ebering_ghost_inner_flame
D:9:      layout_loops_cross, nicolae_dithmenos_shadow_blocks
D:10:     layout_long_grid, kennysheep_nub, kennysheep_donut
D:11:     hellmonk_crumbling_castle, layout_gridville, uniq_snorg
Temple:   mainiacjoe_temple_big_plus

Skill      XL: |  1  2  3  4  5  6  7  8  9 10 11 |
---------------+----------------------------------+-----
Axes           | 3 4 6 7 9 11 14 15 16 | 16.4
Fighting       | 4 5 6 7 |  7.3
Armour         | 4 5 6 7 |  7.9
Throwing       | 1 2 3 4 |  4.8
Shields        | 4 5 6 |  6.6
Dodging        | |  0.3
Evocations     | |  0.6

Action                   |  1- 3 |  4- 6 |  7- 9 | 10-12 || total
-------------------------+-------+-------+-------+-------++-------
Melee: War axe           |    92 |   126 |   247 |   247 ||   712
Throw: Throwing net      |       |     5 |       |       ||     5
       Boomerang         |       |     7 |    67 |    45 ||   119
       Javelin           |       |       |       |     3 ||     3
Invok: Berserk           |       |       |       |     4 ||     4
Evoke: Wand              |       |       |     4 |     6 ||    10
  Use: Scroll            |     2 |     3 |     9 |     1 ||    15
       Potion            |       |     2 |     2 |     1 ||     5
 Stab: Invisible         |       |       |     4 |       ||     4
Armor: Scale mail        |    46 |    17 |       |       ||    63
       Plate armour      |       |    70 |   195 |   149 ||   414
Dodge: Dodged            |    60 |    45 |    65 |    52 ||   222
Block: Buckler           |    19 |    29 |    63 |     3 ||   114
       Kite shield       |       |       |       |    92 ||    92

Table legend: (Time is in decaauts)
 A = Elapsed time spent in this place.
 B = Non-inter-level travel time spent in this place.
 C = Inter-level travel time spent in this place.
 D = Time resting spent in this place.
 E = Time spent auto-exploring this place.
 F = Levels seen in this place.
 G = Mean time per level.
                   A        B        C        D        E       F      G
               +--------+--------+--------+--------+--------+-----+--------+
         Total |  11906 |  11588 |    318 |   1996 |   7805 |  12 |  992.2 |
       Dungeon |  11483 |  11191 |    292 |   1996 |   7423 |  11 | 1043.9 |
        Temple |    423 |    397 |     26 |      0 |    382 |   1 |  423.0 |
               +--------+--------+--------+--------+--------+-----+--------+

Top non-repeatable levels by time:
     D:6: 1490 daAuts
     D:4: 1471 daAuts
     D:8: 1299 daAuts
     D:3: 1249 daAuts
    D:10: 1219 daAuts
     D:2: 1079 daAuts
     D:7: 961 daAuts
     D:5: 906 daAuts
     D:9: 885 daAuts
     D:1: 878 daAuts
  Temple: 423 daAuts
    D:11: 41 daAuts
